Map: Ever Dream LE

Players

Skyler - Winner!

  • Race: Terran Terran
  • League: Grandmaster
  • Spawn Location: 1:00

A.I. 2 (Very Easy)

  • Race: Zerg Zerg
  • Spawn Location: 7:00

VOD

Have the link to the VOD?

Description

Time

  • Played on: April 19, 2020, 3:43 a.m.
  • Length: 9:03
Show
View Real Time Build Order
Export as new Build Order

Skyler Terran - Winner!

Build Orders: Reaper Expand 

Get SALT Encoding   

  12  0:01  SCV  
  13  0:13  SCV  
  14  0:17  Supply Depot  
  14  0:25  SCV  
  15  0:39  SCV  
  15  0:40  Barracks  
  16  0:44  Refinery  
  16  0:51  SCV  
  17  1:03  SCV  
  18  1:15  SCV  
  19  1:27  Reaper, Orbital Command  
  20  1:43  Command Center  
  20  1:53  Barracks  
  20  1:57  SCV  
  21  2:01  Barracks Reactor  
  21  2:08  Supply Depot  
  21  2:10  SCV  
  22  2:23  SCV, Factory  
  23  2:35  SCV, Refinery  
  24  2:38  Marine x2  
  24  2:41  Barracks Tech Lab  
  26  2:47  SCV  
  27  2:56  Marine x2  
  27  2:57  Orbital Command  
  29  2:59  Marine  
  30  3:07  Starport  
  30  3:12  SCV  
  31  3:14  Factory Reactor  
  31  3:15  Marine  
  31  3:17  Marine  
  33  3:20  Marine  
  33  3:22  SCV  
  35  3:28  Supply Depot  
  35  3:31  SCV  
  36  3:34  Stimpack  
  36  3:36  Marine  
  36  3:39  Marine  
  36  3:40  Marine  
  39  3:43  SCV  
  39  3:45  SCV  
  41  3:53  Supply Depot  
  41  3:55  SCV  
  41  3:56  Marine  
  41  3:57  Marine  
  41  3:58  Marine  
  41  3:59  SCV  
  46  4:05  Medivac  
  46  4:09  Medivac  
  50  4:10  SCV  
  50  4:13  Widow Mine  
  53  4:17  Engineering Bay  
  53  4:18  Refinery  
  53  4:20  Marine  
  53  4:22  Marine  
  53  4:23  Marine  
  56  4:29  Supply Depot  
  56  4:30  SCV x2  
  58  4:35  Factory Tech Lab  
  58  4:42  SCV x2, Marine x2  
  62  4:47  Terran Infantry Weapons Level 1  
  62  4:50  Marine  
  63  4:54  SCV  
  63  4:56  Barracks  
  63  4:57  Refinery  
  63  4:59  Siege Tank  
  67  5:05  SCV  
  67  5:06  SCV  
  69  5:07  Supply Depot  
  69  5:08  Marine  
  70  5:15  Combat Shield  
  70  5:24  Supply Depot  
  70  5:28  Marine x3  
  70  5:29  Medivac  
  70  5:30  SCV, Supply Depot  
  76  5:39  Supply Depot  
  76  5:44  Barracks  
  76  5:45  Barracks Reactor  
  76  5:46  Siege Tank  
  79  5:50  Barracks  
  79  5:51  SCV  
  79  5:56  Liberator  
  83  6:02  Marine x2  
  83  6:03  Supply Depot  
  85  6:04  Marine  
  85  6:06  SCV  
  85  6:08  SCV  
  88  6:11  Supply Depot  
  88  6:15  Liberator  
  91  6:20  Siege Tank  
  91  6:21  Marine  
  91  6:22  Marine  
  91  6:23  Marine  
  97  6:25  Marine  
  97  6:26  Marine  
  99  6:33  SCV  
  99  6:34  Supply Depot  
  99  6:38  Barracks Reactor x2  
  100  6:42  Terran Infantry Armor Level 1  
  100  6:43  Marine x2  
  100  6:44  Marine x2  
  104  6:48  Liberator  
  104  6:53  SCV, Supply Depot  
  108  6:59  Marine  
  109  7:03  Supply Depot  
  109  7:04  Supply Depot  
  109  7:05  Barracks Reactor  
  109  7:06  Liberator  
  112  7:10  Marine  
  112  7:11  Supply Depot  
  113  7:16  SCV  
  113  7:17  SCV  
  113  7:21  Marine  
  116  7:29  Marine x4  
  120  7:31  Liberator  
  120  7:34  Marine x2  
  125  7:38  Marine  
  125  7:43  Marine x2  
  128  7:47  Marine x3  
  131  7:53  Supply Depot x2  
  131  7:54  Liberator  
  131  7:56  Marine x2  
  136  8:01  Marine x2  
  136  8:02  Marine  
  136  8:04  Marine x2  
  141  8:22  Marine x5  
  149  8:31  Marine x4  
Show
View Real Time Build Order
Export as new Build Order

A.I. 2 (Very Easy) Zerg 

Build Orders: Pool First 

Get SALT Encoding   

  12  0:01  Drone  
  13  0:12  Overlord  
  13  0:16  Drone  
  14  0:35  Spawning Pool  
  13  0:36  Extractor  
  13  0:39  Drone  
  13  0:46  Drone  
  14  0:52  Overlord  
  14  1:22  Zergling x2  
  14  1:23  Queen  
  17  1:32  Roach Warren  
  16  1:34  Drone  
  16  1:39  Zergling x2  
  18  1:40  Extractor  
  18  1:43  Drone  
  18  1:56  Zergling x2, Drone  
  20  2:06  Drone  
  21  2:17  Drone  
  22  2:28  Drone  
  23  2:30  Overlord  
  23  2:32  Zergling x2  
  23  2:35  Drone  
  24  2:42  Drone  
  25  4:44  Zergling x2  
  25  5:40  Drone  
  25  5:41  Lair, Roach  
  28  5:47  Drone  
  26  5:54  Drone  
  27  6:01  Drone  
  28  6:08  Drone  
  29  6:23  Ravager  
  29  6:24  Zergling x2, Overlord  
  31  6:38  Overseer x2  
  31  7:07  Roach  
  33  7:13  Hatchery  
  31  7:49  Zergling x2  
  32  8:18  Zergling x2  
  31  8:26  Drone  
  26  8:33  Drone  
  18  8:40  Drone  
  18  8:47  Drone  
Tags
 
Add a new tag
Caveats
  • Supply blocks, unpowered buildings, or Contaminate may cause inaccurate times.
  • Supply counts are checked every 10 seconds.